 Dungeon Crawl Stone Soup version 0.21.1-1-g345015fe64 (console) character file.

20351 Kloppie the Basher (level 12, -1/104 HPs)
             Began as a Ghoul Fighter on Mar 8, 2018.
             Was the Champion of Makhleb.
             Slain by a freezing wraith (6 damage)
             ... in an ice cave.
             The game lasted 00:27:30 (11778 turns).

Kloppie the Basher (Ghoul Fighter)                 Turns: 11778, Time: 00:27:30

Health: -1/104     AC: 23    Str: 26    XL:     12   Next: 78%
Magic:  11/11      EV: 10    Int:  3    God:    Makhleb [******]
Gold:   663        SH:  8    Dex: 12    Spells: 11/11 levels left

rFire    + . .     SeeInvis .   a - +1 flail (protect)
rCold    + + .     Gourm    .   p - +2 buckler
rNeg     + + +     Faith    .   L - +0 scale mail
rPois    ∞         Spirit   .   r - +1 helmet of Caecamo {rF+ Str+5}
rElec    .         Reflect  .   F - +0 cloak
rCorr    .         Harm     .   i - +0 pair of gloves
MR       .....                  u - +1 pair of boots
Stlth    ..........             q - amulet of regeneration
HPRegen  0.00/turn              d - +3 ring of slaying
MPRegen  0.12/turn              h - ring of protection from cold

@: protection aura, rotting, slowed, very slow
A: rotting body, claws 1, carnivore, cold resistance 1, negative energy
resistance 3, inhibited regeneration, torment resistance, unbreathing
a: Minor Destruction, Lesser Servant of Makhleb, Major Destruction, Greater
Servant of Makhleb, Renounce Religion


You were in an ice cave.
You worshipped Makhleb.
Makhleb was exalted by your worship.
You were not hungry.

You visited 2 branches of the dungeon, and saw 14 of its levels.
You also visited: Ice Cave.

You collected 798 gold pieces.
You spent 135 gold pieces at shops.

Inventory:

Hand Weapons
 a - a +1 flail of protection (weapon)
 b - a +0 flail of crushing
Armour
 c - a +0 shield
 i - a +0 pair of gloves (worn)
 p - a +2 buckler (worn)
 r - the +1 helmet of Caecamo (worn) {rF+ Str+5}
   (You took it off Robin on level 2 of the Dungeon)

   It affects your strength (+5).
   It protects you from fire.
 u - a +1 pair of boots (worn)
 E - a +1 plate armour of cold resistance
 F - a +0 cloak (worn)
 L - a +0 scale mail (worn)
Jewellery
 d - a +3 ring of slaying (left hand)
 h - a ring of protection from cold (right hand)
 k - an uncursed ring of protection from magic
 q - an amulet of regeneration (around neck)
 N - an uncursed ring of resist corrosion
 O - a +5 ring of intelligence {unknown}
 Q - an uncursed amulet of the gourmand {unknown}
Wands
 e - a wand of iceblast (7)
 x - a wand of digging (20)
 y - a wand of paralysis (15)
 H - a wand of flame (47)
 J - a wand of acid (4)
Scrolls
 g - 2 scrolls of amnesia
 m - 4 scrolls of magic mapping
 n - 3 scrolls of remove curse
 z - 2 scrolls of silence
 I - a scroll of enchant weapon
 K - a scroll of fog
 M - a scroll of enchant armour
Potions
 l - a potion of magic
 o - 5 potions of curing
 s - a potion of brilliance
 w - 2 potions of flight
 A - 3 potions of resistance
 B - a potion of agility
 C - a potion of ambrosia
 D - 2 potions of haste
Books
 P - a book of Frost

   Spells                             Type                      Level
   a - Freeze                         Ice                          1
   b - Throw Frost                    Conjuration/Ice              2
   c - Ozocubu's Armour               Charms/Ice                   3
   d - Throw Icicle                   Conjuration/Ice              4
   e - Summon Ice Beast               Ice/Summoning                4
Comestibles
 f - 29 rations


   Skills:
 - Level 9.2 Fighting
 + Level 13.1 Maces & Flails
 - Level 9.2 Armour
 + Level 8.5 Shields


You had 11 spell levels left.
You didn't know any spells.

Dungeon Overview and Level Annotations

Branches:
Dungeon (11/15)            Temple (0/1) D:7            Lair (3/6) D:11
  Swamp (0/4) Lair:2
  Snake: Lair:2-4    Spider: Lair:2-4       Orc: D:9-12

Altars:
Kikubaaqudgha
Makhleb
Qazlal
Uskayaw
Wu Jian
Zin

Shops:
D:4 [   D:5 }   D:7 %   D:8 %*}   D:10 (

Annotations:
Lair:1 exclusion: oklob plant


Innate Abilities, Weirdness & Mutations

Your body is rotting away.
You thrive on raw meat.
You are immune to poison.
You have sharp fingernails.
You are carnivorous and can eat meat at any time.
Your flesh is cold resistant. (rC+)
You are immune to negative energy. (rN+++)
You do not regenerate when monsters are visible.
You are immune to unholy pain and torment.
You can survive without breathing.


Message History

The freezing wraith is heavily damaged.
The freezing wraith hits you but does no damage.
The freezing wraith hits you.
* * * LOW HITPOINT WARNING * * *
The freezing wraith drains your vigour!
You feel as though you will be slow longer.
The freezing wraith hits you.
* * * LOW HITPOINT WARNING * * *
The freezing wraith freezes you! You resist.
* * * LOW HITPOINT WARNING * * *
The freezing wraith hits you but does no damage.
You feel better. The freezing wraith hits you.
* * * LOW HITPOINT WARNING * * *
The freezing wraith freezes you. You resist.
* * * LOW HITPOINT WARNING * * *
The freezing wraith hits you but does no damage.
The freezing wraith barely misses you. x2
The freezing wraith hits you but does no damage.
The freezing wraith hits you.
You die...

#####
##...##
#.....#
##WW#..#
##.@.##..#
##...## #.#
##...## ..#
#...## ..#
##..## .#
#..###### ..
##.###...##
#..##.....##
#..#...#...#


You could see 2 freezing wraiths.

Vanquished Creatures
  4 two-headed ogres
  A tengu warrior (D:10)
  2 death yaks (Lair:2)
  2 unseen horrors
  A cyclops (D:11)
  A manticore (D:11)
  2 spiny frogs
  A rime drake (Lair:1)
  A komodo dragon (Lair:2)
  2 freezing wraiths (IceCv)
  A tengu conjurer (D:10)
  4 trolls
  A hornet (D:11)
  2 hippogriffs
  A wraith (D:11)
  8 yaks (D:11)
  A wyvern (D:10)
  Eustachio (D:5)
  3 hungry ghosts
  5 vampire mosquitoes (Lair:2)
  Edmund (D:4)
  4 water moccasins
  3 porcupines
  2 sky beasts
  7 orc warriors
  7 ice beasts
  2 black bears
  2 phantoms
  2 ogres
  4 centaurs
  5 wolves (Lair:2)
  5 crocodiles
  3 big kobolds
  13 bullfrogs
  8 scorpions
  A water moccasin skeleton (D:8)
  An elephant simulacrum (IceCv)
  11 killer bees
  3 wights (D:11)
  An electric eel (Lair:1)
  2 howler monkeys
  The ghost of localevil the Grave Robber, a weakling DsNe (D:3)
  7 crimson imps
  2 bullfrog zombies
  2 quasits
  9 orc priests
  3 centaur skeletons
  3 hounds
  5 bullfrog skeletons
  A gnoll shaman (D:10)
  3 iguanas
  13 orc wizards
  7 worker ants
  A wolf simulacrum (IceCv)
  2 polar bear simulacra (IceCv)
  Robin (D:2)
  A worker ant zombie (D:8)
  A howler monkey skeleton (D:5)
  11 adders
  9 gnolls
  3 shadow imps
  5 white imps (IceCv)
  2 adder zombies
  5 worms
  3 dart slugs
  5 leopard geckos
  57 orcs
  7 bats
  6 giant cockroaches
  19 goblins
  17 hobgoblins
  5 jackals
  4 quokkas
  9 frilled lizards
  35 kobolds
  A leopard gecko skeleton (D:4)
  A leopard gecko zombie (D:5)
  2 quokka skeletons
  12 rats
411 creatures vanquished.

Vanquished Creatures (others)
  An orc warrior (D:11)
  A wight (D:11)
  A bush (D:11)
  4 fungi
  19 plants (D:11)
26 creatures vanquished.

Grand Total: 437 creatures vanquished

Notes
Turn   | Place    | Note
-------+----------+-------------------------------------------
     0 | D:1      | Kloppie the Ghoul Fighter began the quest for the Orb.
     0 | D:1      | Reached XP level 1. HP: 19/19 MP: 0/0
   108 | D:1      | Reached skill level 2 in Maces & Flails
   334 | D:1      | Reached XP level 2. HP: 24/26 MP: 1/1
   835 | D:2      | Noticed Robin
   851 | D:1      | Reached XP level 3. HP: 21/33 MP: 2/2
  1151 | D:1      | Reached XP level 4. HP: 22/40 MP: 3/3
  1292 | D:2      | Killed Robin
  1304 | D:2      | Got a translucent helmet
  1581 | D:1      | Identified the +1 helmet of Caecamo {rF+ Str+5} (You took it off Robin on level 2 of the Dungeon)
  1727 | D:2      | Reached skill level 3 in Maces & Flails
  1808 | D:2      | Reached XP level 5. HP: 41/47 MP: 4/4
  2264 | D:3      | Noticed localevil's ghost (weakling DsNe)
  2299 | D:3      | Killed localevil's ghost
  2517 | D:3      | Reached skill level 5 in Fighting
  2517 | D:3      | Reached XP level 6. HP: 54/56 MP: 5/5
  2786 | D:4      | Found an ancient bone altar of Kikubaaqudgha.
  3060 | D:4      | Found a burning altar of Makhleb.
  3060 | D:4      | Noticed a green death
  3136 | D:4      | Noticed a neqoxec
  3136 | D:4      | Noticed a smoke demon
  3138 | D:4      | Became a worshipper of Makhleb the Destroyer
  3203 | D:4      | Reached skill level 4 in Maces & Flails
  3264 | D:4      | Noticed Edmund
  3285 | D:4      | Killed Edmund
  3285 | D:4      | Reached XP level 7. HP: 39/63 MP: 6/6
  3546 | D:4      | Found a glowing silver altar of Zin.
  3546 | D:4      | Found a stormy altar of Qazlal.
  3614 | D:4      | Found Fenycsyw's Antique Armour Shoppe.
  3679 | D:5      | Entered Level 5 of the Dungeon
  3685 | D:5      | Found Bizythil's Gadget Shoppe.
  3705 | D:5      | Reached skill level 5 in Maces & Flails
  3811 | D:5      | Got an ancient marble ring
  3812 | D:5      | Identified the ring "Afaito" {+Inv rN+ Str+5 Dex+2} (You found it on level 5 of the Dungeon)
  3857 | D:5      | You fall through a shaft for 3 floors!
  3933 | D:8      | Reached * piety under Makhleb
  3933 | D:8      | Reached XP level 8. HP: 65/73 MP: 7/7
  3943 | D:8      | Found Vudebb's Food Shop.
  4039 | D:7      | Found a staircase to the Ecumenical Temple.
  4116 | D:7      | Reached skill level 6 in Maces & Flails
  4713 | D:5      | Reached ** piety under Makhleb
  4720 | D:5      | Reached skill level 7 in Maces & Flails
  4742 | D:5      | Reached XP level 9. HP: 82/82 MP: 8/8
  4997 | D:5      | Noticed Eustachio
  5029 | D:5      | Killed Eustachio
  5441 | D:6      | Reached skill level 8 in Maces & Flails
  5513 | D:6      | Found an ornate altar of the Wu Jian Council.
  5640 | D:6      | Reached *** piety under Makhleb
  5859 | D:6      | Reached skill level 5 in Armour
  5947 | D:7      | Found Feetutaa's Food Shoppe.
  6289 | D:8      | Found Bisek's Assorted Antiques.
  6299 | D:8      | Bought a potion of heal wounds for 135 gold pieces
  6447 | D:8      | Found a hide-covered altar of Uskayaw.
  6664 | D:8      | Found Widoycky's Gadget Shop.
  6780 | D:9      | Noticed a two-headed ogre
  6794 | D:9      | Killed a two-headed ogre
  6794 | D:9      | Reached skill level 9 in Maces & Flails
  6794 | D:9      | Reached XP level 10. HP: 91/91 MP: 9/9
  7083 | D:9      | Noticed a two-headed ogre
  7093 | D:9      | Killed a two-headed ogre
  7238 | D:9      | Noticed a two-headed ogre
  7244 | D:9      | Killed a two-headed ogre
  7244 | D:9      | Reached skill level 10 in Maces & Flails
  7655 | D:9      | You fall through a shaft for 2 floors!
  7670 | D:11     | Reached **** piety under Makhleb
  7713 | D:11     | Noticed a cyclops
  7724 | D:11     | Killed a cyclops
  7844 | D:11     | Noticed a manticore
  7857 | D:11     | Killed a manticore
  7857 | D:11     | Reached XP level 11. HP: 52/97 MP: 10/10
  7860 | D:10     | Entered Level 10 of the Dungeon
  8165 | D:10     | Noticed a two-headed ogre
  8187 | D:10     | Killed a two-headed ogre
  8187 | D:10     | Reached skill level 11 in Maces & Flails
  8192 | D:10     | Noticed a tengu warrior
  8213 | D:10     | Killed a tengu warrior
  8401 | D:10     | Found Plog's Antique Weapon Shoppe.
  8425 | D:10     | Reached ***** piety under Makhleb
  8526 | D:10     | Killed an unseen horror
  9017 | D:11     | Found a staircase to the Lair.
  9071 | D:11     | Reached skill level 5 in Shields
  9183 | D:11     | Killed an unseen horror
  9290 | D:11     | Reached skill level 12 in Maces & Flails
  9315 | D:11     | Reached XP level 12. HP: 65/104 MP: 11/11
  9905 | Lair:1   | Entered Level 1 of the Lair of Beasts
 10540 | Lair:2   | Got a twisted scale mail
 10551 | Lair:2   | Identified the +0 scale mail of Dyrukkog {*Drain rPois rC+ rN+} (You found it on level 2 of the Lair of Beasts)
 10591 | Lair:2   | Found a staircase to the Swamp.
 10653 | Lair:2   | Got a steaming scale mail
 10654 | Lair:2   | Identified the cursed +0 scale mail "Qusouv" {rElec} (You found it on level 2 of the Lair of Beasts)
 11236 | Lair:3   | Noticed a death yak
 11237 | Lair:3   | Noticed a death yak
 11237 | Lair:3   | Noticed a death yak
 11243 | Lair:3   | Noticed a death yak
 11254 | Lair:3   | Noticed a death yak
 11280 | Lair:2   | Killed a death yak
 11292 | Lair:2   | Killed a death yak
 11292 | Lair:2   | Reached skill level 13 in Maces & Flails
 11395 | Lair:3   | Found a frozen archway.
 11405 | IceCv    | Entered an ice cave
 11597 | IceCv    | Reached ****** piety under Makhleb
 11776 | IceCv    | HP: 5/103 [freezing wraith (7)]
 11778 | IceCv    | Slain by a freezing wraith

Skill      XL: |  1  2  3  4  5  6  7  8  9 10 11 12 |
---------------+-------------------------------------+-----
Maces & Flails | 2 3 4 5 7 9 10 12 13 | 13.1
Armour         | 3 6 8 9 |  9.2
Fighting       | 4 5 6 7 8 9 |  9.2
Shields        | 3 6 8 |  8.5

Action                   |  1- 3 |  4- 6 |  7- 9 | 10-12 || total
-------------------------+-------+-------+-------+-------++-------
Melee: Flail             |   159 |   248 |   449 |   891 ||  1747
Evoke: Wand              |       |       |     3 |     8 ||    11
  Use: Potion            |     1 |     1 |     1 |     6 ||     9
       Scroll            |       |     5 |    17 |     8 ||    30
 Stab: Invisible         |       |       |       |     1 ||     1
  Eat: Chunk             |     7 |     6 |    18 |    22 ||    53
Armor: Scale mail        |   101 |   134 |   303 |   477 ||  1015
Dodge: Dodged            |    94 |   144 |   230 |   340 ||   808
Block: Buckler           |       |       |    12 |   284 ||   296
